 Dungeon Crawl Stone Soup version 0.20-a0-799-g1217706 (webtiles) character file.

259 AlphabetPasta the Grave Robber (level 6, -15/46 HPs)
             Began as a Merfolk Necromancer on Mar 1, 2017.
             Demolished by an ogre
             ... wielding a +0 giant club
              (21 damage)
             ... on level 3 of the Dungeon.
             The game lasted 00:18:57 (5173 turns).

AlphabetPasta the Grave Robber (MfNe)               Turns: 5173, Time: 00:18:58

Health: -15/46     AC:  5    Str: 10    XL:     6   Next: 17%
Magic:  7/10       EV: 14    Int: 14    God:
Gold:   102        SH:  0    Dex: 15    Spells: 3/11 levels left

rFire    . . .     SeeInvis .   i - +0 halberd
rCold    . . .     Gourm    .   a - +1 robe
rNeg     . . .     Faith    .   (shield currently unavailable)
rPois    .         Spirit   .   (no helmet)
rElec    .         Reflect  .   k - +0 cloak
rCorr    .         Harm     .   l - +0 pair of gloves
MR       .....                  (no boots)
Stlth    ++........             (no amulet)
Regen    0.2/turn               (no ring)
MPRegen  0.2/turn               (no ring)

@: no status effects
A: change form in water, swift swim, stealthy swim
a: no special abilities


You were on level 3 of the Dungeon.
You were not hungry.

You visited 1 branch of the dungeon, and saw 4 of its levels.

You collected 102 gold pieces.

Inventory:

Hand Weapons
 d - a +0 club
 f - a +0 flail of protection
 g - a +0 spear
 i - a +0 halberd (weapon)
 o - a +0 flail
Armour
 a - a +1 robe (worn)
 k - a +0 cloak (worn)
 l - a +0 pair of gloves (worn)
Jewellery
 q - an uncursed ring of protection from fire {unknown}
Scrolls
 e - a scroll of recharging
 t - a scroll of blinking
Potions
 j - a potion of haste
 m - a potion of berserk rage
 n - a potion of brilliance {unknown}
 p - a potion of mutation {unknown}
 s - a potion of lignification {unknown}
 u - a potion of magic {unknown}
Books
 b - a book of Necromancy

   Spells                             Type                      Level
   a - Pain                           Necromancy                   1
   b - Animate Skeleton               Necromancy                   1
   c - Vampiric Draining              Necromancy                   3
   d - Regeneration                   Charms/Necromancy            3
   e - Animate Dead                   Necromancy                   4
   f - Control Undead                 Necromancy                   4
Comestibles
 c - 2 bread rations
 r - a royal jelly


   Skills:
 + Level 2.5 Fighting
 + Level 1.9 Polearms
 + Level 4.3 Dodging
 - Level 2.1 Stealth
 + Level 3.0 Spellcasting
 * Level 4.4 Necromancy


You had 3 spell levels left.
You knew the following spells:

 Your Spells              Type           Power        Failure   Level  Hunger
a - Pain                  Necr           ##..         3%          1    #......
b - Animate Skeleton      Necr           N/A          3%          1    #......
c - Vampiric Draining     Necr           ##........   12%         3    ###....
d - Regeneration          Chrm/Necr      #.........   30%         3    ###....


Dungeon Overview and Level Annotations

Branches:
Dungeon (4/15)
 Temple: D:4-7

Altars:
Elyvilon
Trog
Yredelemnul
Zin


Message History

All of the chunks of flesh in your inventory have rotted away.
HP restored.
You climb downwards.
The ogre hits you with a giant club!
There is a stone staircase leading up, spattered with blood here.
The ogre misses you.
You climb upwards.
There is a stone staircase leading down, spattered with blood here.
You hit the ogre.
The ogre is moderately wounded.
The ogre hits you with a giant club!!
Ouch! That really hurt!
* * * LOW HITPOINT WARNING * * *
Casting: Pain
Confirm with . or Enter, or press ? or * to list all spells.
Aiming: Vampiric Draining
Press: ? - help, Shift-Dir - straight line, f - ogre
Aim: an ogre, wielding a giant club (moderately wounded)
The ogre is heavily wounded.
You feel life coursing into your body. The ogre hits you with a giant club!!
You die...

###............#
#..............#
#.#............# #####
#.#.........############....
#.####.##..######...........
#.# #.##...................
###.####.##..>................
#........<<..O##........#.....
#.#.####.....@.#........#.#.##
#.#.# ####...##........#.#..#
#.#.# #.....##........#....#
#.#.## #.#.............###..#
#....# #.#..................#
#....# ##.#..###........####.#
#....###.....# #........####.#
#....'.......# #.............'
##...####.#..#####.###.......#


You could see an ogre.

Vanquished Creatures
  An iguana (D:4)
  A worker ant (D:3)
  4 gnolls
  3 adders
  An ooze (D:3)
  5 worms
  7 dart slugs
  5 leopard geckos
  7 orcs
  2 ball pythons
  6 giant cockroaches
  15 goblins
  7 hobgoblins
  3 jackals (D:1)
  2 quokkas
  9 bats
  5 frilled lizards
  7 kobolds
  8 rats
98 creatures vanquished.

Vanquished Creatures (others)
  A dart slug (D:2)
  A goblin (D:2)
  A frilled lizard (D:2)
3 creatures vanquished.

Grand Total: 101 creatures vanquished

Notes
Turn   | Place    | Note
-------+----------+-------------------------------------------
     0 | D:1      | AlphabetPasta the Merfolk Necromancer began the quest for the Orb.
     0 | D:1      | Reached XP level 1. HP: 13/13 MP: 3/3
   414 | D:1      | Reached XP level 2. HP: 16/20 MP: 0/5
   676 | D:1      | Learned a level 1 spell: Animate Skeleton
   923 | D:1      | Reached skill level 1 in Fighting
  1363 | D:1      | Reached XP level 3. HP: 24/26 MP: 2/6
  1551 | D:1      | Learned a level 3 spell: Vampiric Draining
  2434 | D:1      | Reached XP level 4. HP: 21/32 MP: 0/7
  2960 | D:2      | Reached skill level 1 in Polearms
  3150 | D:2      | Reached XP level 5. HP: 38/38 MP: 8/8
  3155 | D:2      | Learned a level 3 spell: Regeneration
  3381 | D:2      | Found a glowing silver altar of Zin.
  3583 | D:2      | Found a white marble altar of Elyvilon.
  3864 | D:2      | Upgraded the game from 0.20-a0-798-g2c266a9 to 0.20-a0-799-g1217706
  4271 | D:3      | Found a basalt altar of Yredelemnul.
  4273 | D:3      | Found a bloodstained altar of Trog.
  4843 | D:4      | Reached XP level 6. HP: 45/46 MP: 6/10
  5170 | D:3      | HP: 2/46 [ogre/giant club (32)]
  5173 | D:3      | Demolished by an ogre

Vault maps used:
D:1:      lightli_arrival_maybe_door_vault, minmay_cut_off
D:2:      elyvilon_altar_4, lemuel_crystal_altar, minmay_small_reverse_x
D:3:      chequers_temple_overflow_statue_of_worship
D:4:      minmay_temple_entry_mist, serial_co_window_serial, co_window_paths_b,
          co_window_paths_a, co_window_paths_b, co_window_paths_a,
          co_window_paths_a, co_window_paths_b, co_window_corner_a,
          co_window_unsneaky_path_e, co_window_corner_b, co_window_corner_ca,
          co_window_2corner, co_window_sun, co_window_4corner_b,
          glass_columns_a, glass_columns_a, glass_columns_b, glass_columns_b,
          glass_columns_c, serial_shops, shop, roderic_chinese_pattern_swastika

Skill      XL: |  1  2  3  4  5  6 |
---------------+-------------------+-----
Dodging        | 3 4 |  4.3
Fighting       | 1 2 |  2.5
Necromancy     | 4 |  4.4
Polearms       | 1 |  1.9
Spellcasting   | 3 |  3.0
Stealth        | |  2.1

Action                   |  1- 3 |  4- 6 || total
-------------------------+-------+-------++-------
Melee: Unarmed           |    26 |       ||    26
       Club              |    17 |       ||    17
       Flail             |     1 |     4 ||     5
       Halberd           |       |   142 ||   142
       Spear             |       |     8 ||     8
 Cast: Pain              |    83 |    33 ||   116
       Vampiric Draining |       |     4 ||     4
  Use: Scroll            |       |     9 ||     9
 Stab: Sleeping          |     1 |    14 ||    15
  Eat: Chunk             |     6 |     8 ||    14
       Royal jelly       |       |     1 ||     1
Armor: Robe              |    12 |    21 ||    33
Dodge: Dodged            |    58 |   106 ||   164
